 Dungeon Crawl Stone Soup version 0.22.1-2-g9c5b331 (webtiles) character file.

366 JustSomeDude the Sneak (level 6, 0/69 HPs)
             Began as a Demonspawn Assassin on Jan 3, 2019.
             Slain by a worm (6 damage)
             ... on level 3 of the Dungeon.
             The game lasted 00:07:43 (2206 turns).

JustSomeDude the Sneak (Demonspawn Assassin)        Turns: 2206, Time: 00:07:44

Health: 0/69       AC: 23    Str: 11    XL:     6   Next: 40%
Magic:  6/6        EV:  2    Int: 13    God:
Gold:   109        SH:  0    Dex: 16    Spells: 5/5 levels left

rFire    . . .     SeeInvis .   a - +3 dagger
rCold    . . .     Gourm    +   (no shield)
rNeg     + + +     Faith    .   (armour currently unavailable)
rPois    +         Spirit   .   (helmet currently unavailable)
rElec    .         Reflect  .   (cloak currently unavailable)
rCorr    .         Harm     .   (gloves currently unavailable)
MR       .....     NoTele   +   (boots currently unavailable)
Stlth    +++.......             p - amulet of the gourmand
HPRegen  0.21/turn              (no ring)
MPRegen  0.10/turn              (no ring)

@: tree-form, slowed, very slow
A: no striking features
a: no special abilities


You were on level 3 of the Dungeon.
You were not hungry.
You were a tree.
You visited 1 branch of the dungeon, and saw 3 of its levels.

You collected 109 gold pieces.

Inventory:

Hand Weapons
 a - a +3 dagger (weapon)
 b - a +0 blowgun
 n - a +0 vampiric short sword
Missiles
 e - 8 poisoned needles
 f - 2 curare-tipped needles
Armour
 c - a +0 robe (melded)
 l - a +0 pair of boots (melded)
 o - a +0 cloak (melded)
 q - a +0 pair of gloves (melded)
Jewellery
 k - a cursed -3 ring of evasion {unknown}
 p - an amulet of the gourmand (around neck)
 r - an uncursed amulet of the acrobat
 s - an uncursed amulet of rage
 t - an uncursed ring of fire {unknown}
Scrolls
 h - a scroll of remove curse
Potions
 i - a potion of heal wounds {unknown}
Comestibles
 g - 6 rations


   Skills:
 + Level 2.7 Fighting
 + Level 3.7 Short Blades
 + Level 2.0 Throwing
 + Level 2.2 Dodging
 + Level 5.6 Stealth


You had 5 spell levels left.
You didn't know any spells.
Your spell library was empty.

Dungeon Overview and Level Annotations

Branches:
Dungeon (3/15)

Altars:
Makhleb


Innate Abilities, Weirdness & Mutations

((You have a pair of small horns on your head.))
((You are partially covered in sharp spines.))


Message History

The worm bites you.
* * * LOW HITPOINT WARNING * * *
You barely miss the worm.
The worm is moderately wounded.
You hit the worm.
The worm is heavily wounded.
The worm bites you but does no damage.
You hit the worm.
The worm is severely wounded.
The worm bites you.
* * * LOW HITPOINT WARNING * * *
You barely miss the worm.
The worm is severely wounded.
The worm bites you but does no damage.
You hit the worm.
The worm is severely wounded.
You barely miss the worm.
The worm is severely wounded.
The worm bites you.
You die...

###### #.......... ......
##.......... ##........###.
...g....... ##.............
#......... .............#
####(....# .............#
#....##### #............#
#....# #............#
###(...#
#...........♣###.w....#
.#......(....w)[.#....#
.......<.....#####....#
............## ##.....##
............####..)....#
#...........##............?.#
....................?........
.............................
..........†..............h.h.


You could see a worm.

Vanquished Creatures
  Sigmund (D:2)
  A hound (D:2)
  2 orc wizards (D:3)
  5 adders
  An ooze (D:2)
  2 worms (D:2)
  A dart slug (D:3)
  A leopard gecko (D:2)
  An orc (D:3)
  A giant cockroach (D:2)
  4 hobgoblins
  12 jackals
  9 kobolds
  6 bats
  4 frilled lizards
  9 goblins
  7 rats
67 creatures vanquished.

Notes
Turn   | Place    | Note
-------+----------+-------------------------------------------
     0 | D:1      | JustSomeDude the Demonspawn Assassin began the quest for
                  | the Orb.
     0 | D:1      | Reached XP level 1. HP: 16/16 MP: 1/1
   402 | D:1      | Reached skill level 4 in Stealth
   618 | D:1      | Gained mutation: You are partially covered in sharp spines.
                  | [demonic ancestry]
   618 | D:1      | Reached XP level 2. HP: 19/22 MP: 2/2
   890 | D:2      | Found a burning altar of Makhleb.
   903 | D:2      | Reached skill level 1 in Dodging
   903 | D:2      | Reached XP level 3. HP: 14/27 MP: 3/3
  1100 | D:2      | Reached XP level 4. HP: 31/33 MP: 4/4
  1156 | D:2      | Noticed Sigmund
  1400 | D:2      | Killed Sigmund
  1400 | D:2      | Reached skill level 5 in Stealth
  1400 | D:2      | Reached XP level 5. HP: 7/39 MP: 5/5
  1823 | D:2      | Gained mutation: You have a pair of small horns on your
                  | head. [demonic ancestry]
  1823 | D:2      | Reached XP level 6. HP: 46/46 MP: 6/6
  2206 | D:3      | Slain by a worm

Skill      XL: |  1  2  3  4 |
---------------+-------------+-----
Stealth        | 4 5 |  5.6
Short Blades   | 2 3 |  3.7
Throwing       | 2 |  2.0
Dodging        | 1 2 |  2.2
Fighting       | |  2.7

Action                   |  1- 3 |  4- 6 || total
-------------------------+-------+-------++-------
Melee: Dagger            |    70 |   109 ||   179
       Headbutt          |       |     8 ||     8
  Use: Potion            |     1 |     5 ||     6
       Scroll            |       |     3 ||     3
 Stab: Sleeping          |     6 |     2 ||     8
       Distracted        |     1 |       ||     1
  Eat: Chunk             |       |    14 ||    14
Armor: Robe              |    14 |    25 ||    39
       Skin              |       |     2 ||     2
Dodge: Dodged            |    34 |    63 ||    97
